Map: Lightshade LE

Players

MaxPax

  • Race: Protoss Protoss
  • League: Grandmaster
  • Spawn Location: 5:00

Vanya - Winner!

  • Race: Zerg Zerg
  • League: Master
  • Spawn Location: 11:00

Event: DreamHack SC2 Masters 2020 Winter

VOD

Have the link to the VOD?

Description

Time

  • Played on: Oct. 14, 2020, 1:37 p.m.
  • Length: 13:54

All games in this series

Show
View Real Time Build Order
Export as new Build Order

MaxPax Protoss 

Build Orders:  

Get SALT Encoding   

  12  0:00  Probe  
  13  0:12  Probe  
  14  0:20  Pylon  
  14  0:24  Probe  
  15  0:38  Probe (Chrono Boost)  
  15  0:42  Gateway  
  16  0:47  Assimilator, Probe (Chrono Boost)  
  17  0:52  Probe (Chrono Boost)  
  18  1:04  Probe  
  19  1:15  Pylon  
  19  1:23  Gateway  
  19  1:29  Cybernetics Core, Zealot  
  21  1:35  Pylon  
  21  1:42  Probe  
  21  1:54  Probe  
  24  2:09  Adept (Chrono Boost)  
  24  2:15  Pylon, Adept (Chrono Boost)  
  26  2:18  Pylon  
  24  2:25  Nexus  
  24  2:31  Adept  
  24  2:34  Probe  
  27  2:38  Warp Gate  
  27  2:47  Pylon  
  27  2:49  Probe  
  28  2:59  Pylon  
  30  3:07  Adept  
  30  3:17  Probe  
  26  3:30  Probe (Chrono Boost)  
  26  3:31  Gateway  
  25  3:35  Assimilator  
  25  3:37  Probe (Chrono Boost)  
  32  3:41  Adept  
  27  3:42  Probe (Chrono Boost)  
  27  3:45  Gateway  
  27  3:46  Probe (Chrono Boost)  
  27  3:48  Probe (Chrono Boost)  
  31  3:56  Probe  
  31  3:59  Probe  
  33  4:08  Probe  
  34  4:11  Adept, Probe  
  37  4:19  Shield Battery  
  37  4:20  Probe  
  37  4:23  Probe  
  39  4:32  Probe  
  39  4:35  Adept  
  40  4:38  Probe  
  40  4:42  Twilight Council  
  41  4:50  Probe  
  41  4:51  Adept x2  
  47  4:55  Robotics Facility  
  47  4:56  Probe  
  47  5:02  Stalker  
  47  5:03  Probe  
  48  5:11  Adept x2  
  52  5:15  Pylon, Resonating Glaives (Chrono Boost)  
  52  5:27  Adept  
  54  5:30  Gateway  
  54  5:37  Pylon  
  54  5:41  Warp Prism (Chrono Boost)  
  54  5:46  Adept x2  
  60  5:55  Gateway  
  60  5:58  Adept  
  60  6:00  Probe  
  60  6:02  Assimilator, Probe  
  64  6:07  Adept x2  
  68  6:13  Pylon  
  68  6:16  Observer  
  69  6:26  Pylon  
  69  6:32  Adept x4  
  77  6:35  Probe  
  77  6:36  Pylon  
  78  6:44  Probe  
  79  6:47  Probe  
  78  6:56  Adept x5  
  76  7:05  Probe  
  77  7:13  Pylon  
  77  7:17  Adept  
  77  7:18  Adept x4  
  77  7:20  Probe x2  
  69  7:31  Immortal (Chrono Boost)  
  69  7:32  Probe  
  62  7:48  Probe  
  57  7:53  Assimilator  
  53  7:58  Sentry  
  53  7:59  Adept x2, Sentry  
  61  8:09  Phoenix, Immortal (Chrono Boost)  
  65  8:19  Adept  
  66  8:21  Sentry  
  66  8:22  Nexus, Adept x2  
  66  8:26  Probe x2  
  74  8:31  Adept  
  76  8:38  Probe  
  76  8:39  Probe  
  78  8:42  Immortal (Chrono Boost)  
  78  8:44  Phoenix  
  82  8:49  Sentry  
  82  8:50  Probe  
  82  8:51  Probe  
  86  9:01  Robotics Bay  
  86  9:02  Probe  
  87  9:03  Pylon  
  87  9:06  Probe  
  88  9:13  Adept, Sentry  
  88  9:15  Observer  
  93  9:20  Adept  
  93  9:21  Pylon  
  93  9:22  Probe  
  96  9:24  Probe  
  97  9:31  Adept, Sentry  
  97  9:34  Probe  
  102  9:39  Adept x2  
  102  9:43  Sentry  
  108  9:58  Adept x2  
  100  10:02  Adept  
  100  10:03  Adept  
  97  10:09  Adept  
  97  10:12  Probe x2  
  90  10:24  Adept x3  
  90  10:26  Probe  
  83  10:31  Adept  
  83  10:35  Probe  
  77  10:38  Immortal (Chrono Boost)  
  81  10:45  Zealot x3  
  81  10:49  Probe x2  
  89  10:53  Zealot  
  89  10:56  Probe  
  85  11:05  Adept x3  
  91  11:11  Immortal (Chrono Boost)  
  82  11:22  Probe  
  82  11:23  Adept  
  82  11:25  Probe  
  81  11:26  Probe  
  81  11:31  Zealot x2  
  81  11:32  Zealot  
  85  11:39  Probe x2  
  87  11:43  Probe  
  88  11:47  Pylon, Adept  
  88  11:49  Warp Prism (Chrono Boost)  
  88  11:53  Probe  
  93  12:02  Stalker  
  93  12:06  Adept x2  
  99  12:14  Probe  
  99  12:15  Probe x2  
  102  12:16  Adept  
  104  12:23  Observer  
  104  12:27  Probe x3  
  107  12:39  Probe  
  102  12:45  Disruptor (Chrono Boost)  
  102  12:47  Adept x5  
  102  12:48  Probe  
  112  12:53  Probe  
  95  13:11  Adept x5  
  105  13:18  Disruptor (Chrono Boost)  
  87  13:20  Adept x5  
  60  13:50  Adept x5  
Show
View Real Time Build Order
Export as new Build Order

Vanya Zerg - Winner!

Build Orders: Pool First 

Get SALT Encoding   

  12  0:17  Spawning Pool  
  11  0:22  Drone  
  11  0:27  Drone  
  13  0:30  Drone  
  14  0:39  Overlord  
  14  1:03  Zergling x4  
  16  1:05  Zergling x2  
  16  1:07  Queen  
  19  1:16  Zergling x2  
  20  1:31  Zergling x2  
  21  1:41  Drone  
  21  1:42  Hatchery  
  21  1:49  Extractor  
  20  1:55  Overlord  
  22  2:03  Drone  
  20  2:16  Drone  
  20  2:21  Drone  
  20  2:22  Drone x2  
  23  2:28  Queen  
  25  2:32  Drone  
  26  2:41  Zergling x2  
  27  2:48  Zergling x2  
  28  2:53  Queen  
  28  2:54  Zergling x2  
  28  2:56  Zergling x4  
  33  3:04  Drone x2  
  33  3:12  Zergling x4  
  31  3:21  Drone  
  31  3:26  Drone x2  
  30  3:30  Metabolic Boost  
  30  3:38  Drone x2  
  32  3:45  Overlord  
  32  3:47  Drone  
  33  3:51  Drone  
  34  4:06  Drone x6  
  39  4:12  Zergling x4  
  41  4:20  Overlord  
  41  4:21  Drone x2  
  43  4:29  Spore Crawler  
  40  4:39  Drone x6  
  45  4:59  Hatchery  
  44  5:00  Extractor, Roach Warren  
  44  5:02  Drone  
  44  5:06  Drone x5  
  47  5:14  Overlord  
  47  5:22  Zergling x8  
  47  5:24  Overlord  
  51  5:40  Roach x3  
  57  5:45  Zergling x14  
  64  5:54  Overlord  
  64  5:58  Overlord  
  64  6:02  Ravager x3  
  67  6:09  Drone  
  68  6:12  Zergling x6  
  68  6:15  Spore Crawler  
  70  6:21  Overlord  
  70  6:23  Roach x2  
  74  6:26  Roach x4  
  74  6:28  Drone x2  
  74  6:31  Spore Crawler  
  74  6:32  Extractor  
  82  6:35  Zergling x2  
  82  6:37  Overlord  
  83  6:40  Zergling x2  
  84  6:48  Zergling x10  
  76  6:54  Zergling x4, Roach x2  
  76  6:57  Zergling x4, Roach x2  
  80  7:04  Zergling x2, Roach  
  80  7:07  Ravager  
  79  7:11  Drone  
  74  7:15  Drone  
  74  7:19  Drone x2  
  70  7:27  Drone x2  
  61  7:38  Drone x4  
  60  7:48  Drone  
  59  7:59  Drone x2  
  59  8:03  Drone x3  
  64  8:08  Drone x2  
  64  8:10  Drone  
  67  8:16  Drone x4  
  70  8:22  Queen  
  70  8:23  Drone  
  73  8:31  Roach x4  
  81  8:37  Ravager x2  
  81  8:38  Zergling x6  
  81  8:40  Queen  
  88  8:47  Zergling x6  
  92  8:48  Ravager  
  92  8:57  Zergling x10  
  92  9:02  Zergling x2  
  98  9:06  Overlord  
  98  9:07  Zergling x2  
  99  9:10  Ravager  
  99  9:11  Ravager  
  99  9:12  Zergling x2  
  99  9:17  Overlord x2  
  102  9:23  Zergling x6  
  105  9:26  Zergling x4  
  105  9:29  Ravager x2  
  105  9:30  Zergling x2  
  110  9:35  Overlord  
  110  9:37  Zergling x8  
  113  9:49  Zergling x10  
  117  9:57  Zergling x2, Roach  
  108  10:05  Zergling x4  
  108  10:06  Roach x4, Zergling x2  
  108  10:07  Lair  
  104  10:14  Zergling x4, Roach  
  101  10:24  Zergling x4, Roach  
  99  10:31  Drone  
  99  10:35  Drone x2  
  98  10:38  Evolution Chamber, Extractor  
  98  10:39  Drone x8  
  98  10:40  Extractor  
  98  10:41  Ravager  
  105  10:42  Drone  
  105  10:43  Drone  
  105  10:48  Extractor, Ravager  
  105  10:49  Ravager x2  
  108  10:51  Drone  
  108  10:52  Hatchery  
  108  10:54  Drone  
  108  11:03  Zergling x4, Roach  
  101  11:08  Spire  
  96  11:12  Zergling x2  
  96  11:13  Roach x3, Zergling x2  
  96  11:16  Zergling x6, Roach x2  
  105  11:24  Zergling x8  
  107  11:27  Zergling x2  
  104  11:33  Zerg Missile Weapons Level 1, Overlord  
  104  11:42  Overseer  
  105  11:47  Drone x6  
  110  11:56  Drone x2  
  110  12:00  Drone x4  
  116  12:01  Queen  
  116  12:07  Drone x4  
  122  12:08  Extractor  
  122  12:11  Extractor  
  122  12:13  Ravager x7  
  122  12:14  Roach x3  
  132  12:15  Glial Reconstitution  
  132  12:19  Zergling x8  
  132  12:21  Zergling x2  
  132  12:22  Zergling x2  
  138  12:33  Roach x5  
  147  12:43  Zergling x4, Roach x2  
  143  12:54  Zergling x4, Roach x2  
  143  12:55  Roach  
  143  12:57  Overlord  
  150  12:59  Overlord  
  150  13:03  Overlord  
  144  13:10  Overlord  
  144  13:11  Overlord  
  144  13:17  Mutalisk x5, Hatchery  
  148  13:22  Ravager x5  
  152  13:28  Roach x3  
Tags
 
Add a new tag
Caveats
  • Supply blocks, unpowered buildings, or Contaminate may cause inaccurate times.
  • Supply counts are checked every 10 seconds.